 Dungeon Crawl Stone Soup version 0.28.0-45-g0d030f2227 (webtiles) character file.

Game seed: 3604982669043283167

438 seaoflcl the Covered (level 7, -3/54 HPs)
             Began as a Human Fighter on Apr 11, 2022.
             Was a Believer of Dithmenos.
             Slain by an ice beast (6 damage)
             ... on level 5 of the Dungeon.
             The game lasted 00:07:12 (4697 turns).

seaoflcl the Covered (Human Fighter)                Turns: 4697, Time: 00:07:13

Health: -3/54      AC:  8    Str: 18    XL:     7   Next: 22%
Magic:  7/7        EV:  9    Int: 15    God:    Dithmenos [**....]
Gold:   146        SH:  4    Dex: 12    Spells: 6/6 levels left

rFire   . . .      SeeInvis .   d - +1 spear (vorpal)
rCold   . . .      Faith    .   c - +0 buckler
rNeg    . . .      Spirit   .   b - +0 scale mail
rPois   .          Reflect  .   (no helmet)
rElec   .          Harm     .   m - +0 cloak
rCorr   .          Rampage  .   (no gloves)
Will    .....                   (no boots)
Stlth   ..........              (no amulet)
HPRegen 0.18/turn               t - ring of flight
MPRegen 0.10/turn               r - +6 ring of intelligence

@: flying, wreathed by umbra
A: no striking features
a: Renounce Religion, Shadow Step


You were on level 5 of the Dungeon.
You worshipped Dithmenos.
Dithmenos was pleased with you.
You visited 1 branch of the dungeon, and saw 5 of its levels.

You collected 146 gold pieces.

Inventory:

Hand Weapons
 a - a +0 long sword
 d - a +1 vorpal spear (weapon)
 h - a +2 antimagic dagger
Missiles
 o - 3 silver javelins (quivered)
Armour
 b - a +0 scale mail (worn)
 c - a +0 buckler (worn)
 m - a +0 cloak (worn)
Jewellery
 q - a ring of wizardry
 r - a +6 ring of intelligence (right hand)
 t - a ring of flight (left hand)
Wands
 n - a wand of polymorph (4)
Scrolls
 e - a scroll of magic mapping {unknown}
 f - a scroll of fear {unknown}
 g - a scroll of enchant armour {unknown}
 i - a scroll of noise {unknown}
 j - 2 scrolls of blinking
 l - a scroll of teleportation {unknown}
 s - a scroll of identify {unknown}
 u - a scroll of enchant weapon {unknown}
Potions
 k - 2 potions of curing {unknown}
 p - a potion of attraction {unknown}
 v - a potion of might


   Skills:
 + Level 4.2 Fighting
 + Level 3.3(3.7) Short Blades
 + Level 2.4(3.3) Long Blades
 + Level 0.1 Polearms
 + Level 0.4 Throwing
 + Level 4.7 Armour
 + Level 1.4 Dodging
 + Level 0.2 Stealth
 + Level 3.8 Shields
 + Level 0.1 Unarmed Combat


You had 6 spell levels left.
You didn't know any spells.
Your spell library contained the following spells:

 Spells                   Type           Power      Damage    Failure   Level
 Ensorcelled Hibernation  Hex/Ice        0%         N/A       85%         2
 Passwall                 Tmut/Erth      0%         N/A       85%         2
 Conjure Flame            Conj/Fire      0%         6-21      97%         3
 Ignite Poison            Fire/Tmut/Pois 0%         N/A       97%         3
 Swiftness                Air            0%         N/A       97%         3
 Sticky Flame             Conj/Fire      0%         2d3       100%        4


Dungeon Overview and Level Annotations

Branches:
Dungeon (5/15)
 Temple: D:4-7

Altars:
Dithmenos

Shops:
D:2 (


Message History

You hit the ice beast but do no damage.
The ice beast is severely wounded.
The ice beast hits you. The ice beast freezes you!
* * * LOW HITPOINT WARNING * * *
You hit the ice beast.
The ice beast is almost dead.
You block the ice beast's attack.
You hit the ice beast but do no damage.
The ice beast is almost dead.
The ice beast barely misses you.
You hit the ice beast.
The ice beast is almost dead.
The ice beast barely misses you.
You barely miss the ice beast.
The ice beast is almost dead.
The ice beast hits you but does no damage.
The ice beast barely misses you.
You closely miss the ice beast.
The ice beast is almost dead.
The ice beast hits you but does no damage.
You hit the ice beast but do no damage.
The ice beast is almost dead.
The ice beast misses you.
You hit the ice beast but do no damage.
The ice beast is almost dead.
The ice beast hits you but does no damage.
You hit the ice beast but do no damage.
The ice beast is almost dead.
The ice beast hits you.
* * * LOW HITPOINT WARNING * * *
The ice beast freezes you!
* * * LOW HITPOINT WARNING * * *
You closely miss the ice beast.
The ice beast is almost dead.
The ice beast hits you but does no damage.
There is a stone staircase leading up here.
The ice beast hits you.
* * * LOW HITPOINT WARNING * * *
The ice beast freezes you.
You die...

##########
..........#
..........#
........[.#
..........#
..........#
..........#
.......Y@.#
..........#
..........#
..........#
..........#
..........#
..........#
..........#
..........#


You could see an ice beast.

Vanquished Creatures
  Grinder (D:4)
  A scorpion (D:4)
  A hound (D:3)
  2 iguanas (D:3)
  An adder (D:3)
  3 dart slugs
  4 orcs
  3 bats
  7 endoplasms
  2 giant cockroaches (D:2)
  13 goblins
  3 hobgoblins
  6 jackals (D:1)
  2 quokkas
  10 ball pythons
  4 frilled lizards
  7 kobolds
  5 rats
75 creatures vanquished.

Vanquished Creatures (others)
  13 plants (D:2)
13 creatures vanquished.

Grand Total: 88 creatures vanquished

Notes
Turn   | Place    | Note
-------+----------+-------------------------------------------
     0 | D:1      | seaoflcl the Human Fighter began the quest for the Orb.
     0 | D:1      | Reached XP level 1. HP: 18/18 MP: 1/1
    56 | D:1      | Found a faded altar of an unknown god.
    69 | D:1      | Reached XP level 2. HP: 22/24 MP: 2/2
    88 | D:1      | Prayed at the altar of an unknown god.
    88 | D:1      | Became a worshipper of Dithmenos the Shadowed
    88 | D:1      | Reached * piety under Dithmenos
   608 | D:1      | Reached XP level 3. HP: 26/29 MP: 1/3
  1550 | D:2      | Found Akiobakk's Weapon Shop.
  2063 | D:3      | Reached XP level 4. HP: 32/35 MP: 1/4
  2115 | D:3      | Reached skill level 1 in Short Blades
  2637 | D:3      | Reached XP level 5. HP: 26/41 MP: 1/5
  3119 | D:3      | Reached skill level 1 in Dodging
  3179 | D:3      | Reached ** piety under Dithmenos
  3373 | D:4      | Noticed Grinder
  3376 | D:4      | Paralysed by Grinder for 2 turns
  3645 | D:4      | Killed Grinder
  3646 | D:4      | Reached XP level 6. HP: 20/48 MP: 2/6
  3899 | D:4      | Reached XP level 7. HP: 28/54 MP: 2/7
  4662 | D:5      | Entered Level 5 of the Dungeon
  4697 | D:5      | Slain by an ice beast

Illustrated notes

Levels and vault maps discovered:
D:1:      nzn_arrival_water_spiral, layout_basic,
          dreamdust_ecumenical_altar_statues
D:2:      layout_loops_ring, serial_bayou, serial_bayou_lagoon_b,
          serial_bayou_ford_a, serial_bayou_shore_a, serial_bayou_pond_e,
          serial_bayou_crossing, serial_shops, nicolae_shop_crystal
D:3:      layout_loops_cross, wad_floor_pattern_untrapped, minivault_5,
          kennysheep_path_1
D:4:      layout_rooms, uniq_grinder
D:5:      layout_gridville, nicolae_ru_awakened_eye, lemuel_old_faithful

Skill      XL: |  1  2  3  4  5  6 |
---------------+-------------------+-----
Short Blades   | 1 3 |  3.3
Dodging        | 1 |  1.4
Armour         | 4 |  4.7
Fighting       | 4 |  4.2
Long Blades    | |  2.4
Polearms       | |  0.1
Throwing       | |  0.4
Stealth        | |  0.2
Shields        | |  3.8
Unarmed Combat | |  0.1

Action                   |  1- 3 |  4- 6 |  7- 9 || total
-------------------------+-------+-------+-------++-------
Melee: Long sword        |    43 |       |       ||    43
       Dagger            |   143 |   136 |       ||   279
       Unarmed           |       |     1 |       ||     1
       Spear             |       |       |    71 ||    71
Throw: Javelin           |       |     4 |       ||     4
  Use: Potion            |       |     3 |       ||     3
       Scroll            |       |       |     1 ||     1
Armor: Scale mail        |    79 |    35 |    22 ||   136
Dodge: Dodged            |    81 |    53 |    24 ||   158
Block: Buckler           |    40 |    23 |     7 ||    70
